 Dungeon Crawl Stone Soup version 0.20.1-1-g8b1a95d (console) character file.

33 rafael the Insei (level 3, -1/29 HPs)
             Began as a Demonspawn Abyssal Knight on Aug 29, 2017.
             Was a Follower of Lugonu.
             Slain by a hobgoblin
             ... wielding a +0 club
              (3 damage)
             ... on level 2 of the Dungeon.
             The game lasted 00:01:20 (694 turns).

rafael the Insei (Demonspawn Abyssal Knight)         Turns: 694, Time: 00:01:21

Health: -1/29      AC:  3    Str: 12    XL:     3   Next: 12%
Magic:  4/4        EV: 11    Int: 14    God:    Lugonu [*.....]
Gold:   92         SH:  0    Dex: 12    Spells: 2/2 levels left

rFire    . . .     SeeInvis .   e - +0 spear
rCold    . . .     Gourm    .   (no shield)
rNeg     . . .     Faith    .   a - +0 leather armour
rPois    .         Spirit   .   (no helmet)
rElec    .         Reflect  .   (no cloak)
rCorr    .         Harm     .   (no gloves)
MR       .....                  (no boots)
Stlth    +.........             (no amulet)
Regen    0.1/turn               (no ring)
MPRegen  0.1/turn               (no ring)

@: lethally poisoned (-1 -> -2)
A: demonic guardian 1
a: Depart the Abyss, Renounce Religion


You were on level 2 of the Dungeon.
You worshipped Lugonu.
Lugonu was aware of your devotion.
You were not hungry.

You visited 1 branch of the dungeon, and saw 2 of its levels.
You visited the Abyss 1 time.

You collected 92 gold pieces.

Inventory:

Hand Weapons
 e - a +0 spear (weapon)
Armour
 a - a +0 leather armour (worn)
Scrolls
 d - a scroll of blinking {unknown}
 f - 2 scrolls of noise {unknown}
 g - a scroll of fear {unknown}
 j - a scroll of immolation {unknown}
 k - 2 scrolls of remove curse {unknown}
 l - a scroll of teleportation {unknown}
 n - a scroll of identify {unknown}
Potions
 h - a potion of lignification {unknown}
 i - a potion of heal wounds {unknown}
 m - a potion of curing {unknown}
Comestibles
 b - 2 bread rations
 o - a fruit


   Skills:
 - Level 3.0 Fighting
 - Level 1.7 Armour
 - Level 0.8 Dodging
 + Level 3.2 Unarmed Combat
 - Level 2.4 Invocations


You had 2 spell levels left.
You didn't know any spells.

Dungeon Overview and Level Annotations

Branches:
Dungeon (2/15)

Altars:


Innate Abilities, Weirdness & Mutations

A weak demonic guardian rushes to your aid.


Message History

The goblin shouts!
You hit the hobgoblin but do no damage. The hobgoblin barely misses you.
You are too injured to fight recklessly!
You closely miss the hobgoblin.
You feel sick.
The hobgoblin hits you but does no damage.
You barely miss the hobgoblin. The hobgoblin hits you with a club.
* * * LOW HITPOINT WARNING * * *
You are too injured to fight recklessly!
You barely miss the hobgoblin. The hobgoblin barely misses you.
You are too injured to fight recklessly!
You hit the hobgoblin.
The hobgoblin is moderately wounded.
The hobgoblin misses you.
You barely miss the hobgoblin.
The hobgoblin is moderately wounded.
You feel sick. The hobgoblin hits you with a club.
* * * LOW HITPOINT WARNING * * *
It was a potion of cancellation.
You feel magically purged. The hobgoblin hits you with a club.
You die...

#.# #.######### ###
#.........# #.###)#######.#
###.....### #..
####.........#####.# .
#.........##.#.....#
....####.####....##.#.###..
........Sg@.........#....(#
........g##.##....###..##.#
....###..##.##....# #.....#
... ....##.##....# #.....#
# .###.##.##....# ##.####
#. #.##.####.#####.#... .
#.##.####.......#..[
..##............#...
....##.......##...


You could see an adder, a hobgoblin and a goblin.

Vanquished Creatures
  An adder (D:2)
  2 dart slugs (D:1)
  2 leopard geckos (D:1)
  A giant cockroach (D:2)
  2 goblins (D:1)
  3 hobgoblins
  3 bats
  A kobold (D:1)
  3 rats (D:1)
18 creatures vanquished.

Notes
Turn   | Place    | Note
-------+----------+-------------------------------------------
     0 | Abyss:1  | rafael the Demonspawn Abyssal Knight began the quest for the Orb.
     0 | Abyss:1  | Reached XP level 1. HP: 18/18 MP: 2/2
    31 | Abyss:1  | Noticed a tentacled starspawn
    37 | D:1      | Escaped the Abyss
   116 | D:1      | Reached * piety under Lugonu
   123 | D:1      | Gained mutation: A weak demonic guardian rushes to your aid. [demonic ancestry]
   123 | D:1      | Reached XP level 2. HP: 5/24 MP: 3/3
   606 | D:2      | Reached XP level 3. HP: 11/29 MP: 4/4
   694 | D:2      | Slain by a hobgoblin

Skill      XL: |  1  2 |
---------------+-------+-----
Unarmed Combat | 2 3 |  3.2
Fighting       | |  3.0
Armour         | |  1.7
Dodging        | |  0.8
Invocations    | |  2.4

Action                   || total
-------------------------++-------
Melee: Spear             ||    67
       Unarmed           ||     5
Invok: Depart the Abyss  ||     1
  Use: Potion            ||     1
 Stab: Distracted        ||     1
Armor: Leather armour    ||    12
Dodge: Dodged            ||    33
